 Dungeon Sprint DCSS version 0.30.1-4-g462c640d31 (webtiles) character file.

Game seed: 15237316341303468246

2423 Heoruswealwe the Severer (level 9, -8/93 HPs)
             Began as a Hill Orc Fighter on Aug 22, 2023.
             Was a Believer of the Shining One.
             Mangled by a deep troll (14 damage)
             ... in the Dungeon (Sprint I: "Red Sonja").
             The game lasted 00:04:16 (721 turns).

Heoruswealwe the Severer (Hill Orc Fighter)          Turns: 721, Time: 00:04:16

Health: -8/93      AC: 12    Str: 23    XL:     9   Next: 48%
Magic:  9/9        EV:  8    Int:  8    God:    the Shining One [**....]
Gold:   486        SH:  4    Dex: 10    Spells: 8/8 levels left

rFire   . . .        a - +0 war axe
rCold   . . .        d - +0 buckler
rNeg    + . .        c - +0 chain mail
rPois   .            (no helmet)
rElec   .            (no cloak)
rCorr   .            (no gloves)
SInv    .            (no boots)
Will    .....        (no amulet) Stlth
                     (no ring)
HPRegen 0.35/turn    (no ring)
MPRegen 0.11/turn

%: no teleportation
@: glowing
A: no striking features
a: Renounce Religion, Divine Shield


You were in the Dungeon.
You worshipped the Shining One.
The Shining One was pleased with you.
You visited 1 branch You collected 486 gold pieces.

Inventory:

Hand Weapons
 a - a +0 war axe (weapon)
Armour
 c - a +0 chain mail (worn)
 d - a +0 buckler (worn)
Wands
 k - a wand of digging (3)
Scrolls
 j - a scroll of blinking
Potions
 e - a potion of curing
 f - a potion of flight {unknown}


   Skills:
 + Level 13.2 Fighting
 * Level 19.1 Axes
 + Level 12.1 Armour
 - Level 3.2 Shields


You had 8 spell levels left.
You didn't know any spells.
Your spell library contained the following spells:

 Spells                   Type           Power      Damage    Failure   Level
 Beastly Appendage        Tmut           0%         N/A       91%         1
 Wereblood                Tmut           0%         N/A       97%         2
 Spider Form              Tmut/Pois      0%         N/A       100%        3


Dungeon Overview and Level Annotations

Branches:
Dungeon (1/1)

Altars:
Cheibriados
Dithmenos
Elyvilon
Fedhas
Gozag
Hepliaklqana
Kikubaaqudgha
Makhleb
Nemelex Xobeh
Okawaru
Qazlal
Ru
Sif Muna
Trog
Uskayaw
Vehumet
Wu Jian
Xom
Yredelemnul
Zin
The Shining One
Jiyva
Lugonu

Shops:
D :


Message History

You slash the deep troll!
The deep troll is moderately wounded.
The deep troll bites you!
The deep troll claws you but does no damage.
The deep troll barely misses you.
You slash the deep troll!
The deep troll is moderately wounded.
The deep troll bites you! You block the deep troll's attack. x2
You hit the deep troll.
The deep troll is heavily wounded.
You hit the deep troll.
The deep troll is heavily wounded.
The deep troll bites you! The deep troll claws you.
The deep troll claws you but does no damage.
You slash the deep troll!
The deep troll is severely wounded.
The deep troll bites you. The deep troll claws you!
The deep troll claws you but does no damage.
You hit the deep troll.
The deep troll is severely wounded.
You barely miss the deep troll.
The deep troll is severely wounded.
You block the deep troll's attack. The deep troll barely misses you. x2
You barely miss the deep troll.
The deep troll is severely wounded.
You block the deep troll's attack. The deep troll closely misses you. x2
You slash the deep troll!
The deep troll is almost dead.
You hit the deep troll but do no damage.
The deep troll is almost dead.
The deep troll bites you!!
* * * LOW HITPOINT WARNING * * *
The deep troll claws you.
* * * LOW HITPOINT WARNING * * *
The deep troll claws you.
* * * LOW HITPOINT WARNING * * *
You hit the deep troll.
The deep troll is almost dead.
The deep troll barely misses you. The deep troll claws you!
You die...

<.#..)..#..'..#__#..')..#
..!..#..').#..'..'..#)..#
..#####'#####'#__####...+
..####..#...#(####)[#####
..#__####..##.#~§~§)#
..#_____##'#_.+§§§.§+
⌠⌠#_.∩...†..._#~§§§§#
#.#_..__##_.#'##+####
..#_____###+#(#)@[.#
######### ####T### $.$
#####


You could see a deep troll.

Vanquished Creatures
  2 centaur warriors (D)
  2 kobold demonologists (D)
  A slime creature (D)
  Sigmund (D)
  A yak (D)
  A floating eye (D)
  An ogre (D)
  A jelly (D)
  Ijyb (D)
11 creatures vanquished.

Notes
Turn   | Place    | Note
-------+----------+-------------------------------------------
     0 | D        | Heoruswealwe the Hill Orc Fighter began the quest for the
                  | Orb.
     0 | D        | Reached XP level 1. HP: 19/19 MP: 1/1
     1 | D        | Noticed Ijyb
    18 | D        | Killed Ijyb
    19 | D        | Reached skill level 5 in Fighting
    19 | D        | Reached skill level 6 in Axes
    19 | D        | Reached XP level 2. HP: 5/29 MP: 2/2
    19 | D        | Reached XP level 3. HP: 7/36 MP: 3/3
   131 | D        | Noticed an ogre
   134 | D        | Killed an ogre
   135 | D        | Reached skill level 8 in Axes
   135 | D        | Reached skill level 5 in Armour
   135 | D        | Reached XP level 4. HP: 45/45 MP: 4/4
   188 | D        | Noticed Sigmund
   209 | D        | Killed Sigmund
   210 | D        | Reached skill level 11 in Axes
   210 | D        | Reached XP level 5. HP: 34/55 MP: 5/5
   210 | D        | Reached XP level 6. HP: 38/62 MP: 6/6
   289 | D        | Found an ornate altar of the Wu Jian Council.
   289 | D        | Found a shimmering blue altar of Sif Muna.
   291 | D        | Found a radiant altar of Vehumet.
   297 | D        | Reached skill level 12 in Axes
   336 | D        | Found Juzepola's Book Emporium.
   336 | D        | Found an ancient bone altar of Kikubaaqudgha.
   336 | D        | Found a hazy altar of Hepliaklqana.
   336 | D        | Found a stormy altar of Qazlal.
   336 | D        | Found a hide-covered altar of Uskayaw.
   336 | D        | Found a blossoming altar of Fedhas.
   336 | D        | Found a bloodstained altar of Trog.
   336 | D        | Found an iron altar of Okawaru.
   336 | D        | Found a basalt altar of Yredelemnul.
   336 | D        | Found a glowing golden altar of the Shining One.
   336 | D        | Found a snail-covered altar of Cheibriados.
   336 | D        | Found a sacrificial altar of Ru.
   336 | D        | Found a glowing silver altar of Zin.
   336 | D        | Found a shadowy altar of Dithmenos.
   336 | D        | Found a white marble altar of Elyvilon.
   336 | D        | Noticed a yak
   354 | D        | Killed a yak
   355 | D        | Reached skill level 13 in Axes
   355 | D        | Reached XP level 7. HP: 49/70 MP: 7/7
   355 | D        | Found an opulent altar of Gozag.
   356 | D        | Found a sparkling altar of Nemelex Xobeh.
   362 | D        | Became a worshipper of the Shining One
   423 | D        | Found a burning altar of Makhleb.
   423 | D        | Found a viscous altar of Jiyva.
   423 | D        | Found a shimmering altar of Xom.
   423 | D        | Found a corrupted altar of Lugonu.
   423 | D        | Noticed a slime creature
   432 | D        | Killed a slime creature
   433 | D        | Reached skill level 10 in Fighting
   433 | D        | Reached skill level 14 in Axes
   476 | D        | Noticed a kobold demonologist
   476 | D        | Reached * piety under the Shining One
   476 | D        | Noticed a kobold demonologist
   481 | D        | Reached skill level 15 in Axes
   481 | D        | Noticed a rust devil
   486 | D        | Noticed a red devil
   486 | D        | Killed a kobold demonologist
   486 | D        | Reached ** piety under the Shining One
   487 | D        | Reached skill level 10 in Armour
   487 | D        | Reached XP level 8. HP: 82/82 MP: 8/8
   487 | D        | Killed a kobold demonologist
   488 | D        | Reached skill level 16 in Axes
   501 | D        | Noticed a centaur warrior
   504 | D        | Noticed a centaur warrior
   514 | D        | Killed a centaur warrior
   514 | D        | Killed a centaur warrior
   515 | D        | Reached skill level 19 in Axes
   515 | D        | Reached XP level 9. HP: 25/93 MP: 9/9
   710 | D        | Noticed a deep troll
   721 | D        | Mangled by a deep troll

Illustrated notes

Levels and vault maps discovered:
D:        dungeon_sprint_1 [red_sonja_temple_1, red_sonja_temple_small_1]

Skill      XL: |  1  2  3  4  5  6  7  8 |
---------------+-------------------------+-----
Fighting       | 5 6 8 9 11 13 | 13.2
Axes           | 6 8 11 13 15 19 | 19.1
Armour         | 4 5 7 8 10 12 | 12.1
Shields        | |  3.2

Action                     |  1- 3 |  4- 6 |  7- 9 || total
---------------------------+-------+-------+-------++-------
  Melee: War axe           |    18 |    41 |    35 ||    94
  Evoke: Wand              |     1 |       |       ||     1
    Use: Potion            |     1 |     1 |     2 ||     4
 Armour: Scale mail        |     9 |     4 |     8 ||    21
         Chain mail        |       |       |     3 ||     3
  Dodge: Dodged            |     4 |    10 |    15 ||    29
  Block: Buckler           |     1 |     6 |    14 ||    21
